General information
- name: BNet
- type: Ladder 1vs1/FFA
- host: Battle.net
- saver: Torgo(Easy)
map: LostTemple
- players: 2
- length: 96:24
- speed: Fast
- version: 1.24 W3XP
- replay type: Public
» download(262 KB)
Players
team 1 (winner)
Torgo(Easy) (
red | 62 APM | 5948 actions | 96:24)
9 Blademaster
3 Wind Walk
3 Critical Strike
1 Bladestorm
2 Mirror Image
6 Tauren Chieftain
3 Shockwave
2 Endurance Aura
1 Reincarnation
» actions
| Assign group hotkey | 42 | |
| Basic commands | 274 | |
| Build / train | 160 | |
| ESC pressed | 11 | |
| Enter build submenu | 213 | |
| Enter hero's abilities submenu | 15 | |
| Give item / drop item | 13 | |
| Remove unit from queue | 1 | |
| Right click | 2518 | |
| Select / deselect | 815 | |
| Select group hotkey | 1276 | |
| Use ability | 610 | |
5948 total
» units
| Peon | 34 | |
| Troll Witch Doctor | 6 | |
| Wind Rider | 7 | |
| Goblin Shredder | 2 | |
| Goblin Zeppelin | 4 | |
| Troll Batrider | 26 | |
79 total
» upgrades
| Witch Doctor Training | 2 | |
| Spiked Barricades | 3 | |
| Reinforced Defenses | 2 | |
| Ranged Weapons | 3 | |
| Envenomed Spears | 1 | |
| Shaman Training | 2 | |
| Armor | 3 | |
| Liquid Fire | 1 | |
| Spirit Walker Training | 1 | |
| War Drums Damage Increase | 1 | |
19 total
» buildings
| Altar of Storms | 2 | |
| Orc Burrow | 14 | |
| Voodoo Lounge | 2 | |
| War Mill | 3 | |
| Watch Tower | 204 | |
| Stronghold | 2 | |
| Spirit Lodge | 3 | |
| Beastiary | 4 | |
| Fortress | 2 | |
| Great Hall | 7 | |
243 total
» build order
00:04 Altar of Storms
00:08 Orc Burrow
00:39 Voodoo Lounge
01:10 War Mill
01:43 Orc Burrow
02:25 Watch Tower
02:55 Watch Tower
03:05 Watch Tower
03:21 Watch Tower
03:42 Watch Tower
03:57 Watch Tower
04:10 Watch Tower
04:19 Watch Tower
04:47 Stronghold
05:59 Watch Tower
06:20 Watch Tower
06:21 Watch Tower
06:30 Watch Tower
06:35 Watch Tower
06:49 Watch Tower
06:52 Watch Tower
07:12 Spirit Lodge
07:23 Spirit Lodge
07:43 Spirit Lodge
07:53 Watch Tower
07:54 Watch Tower
08:11 Beastiary
09:21 Watch Tower
09:40 Watch Tower
10:05 Fortress
10:33 Watch Tower
10:35 Watch Tower
10:43 Orc Burrow
11:05 Orc Burrow
11:09 Watch Tower
11:14 Orc Burrow
12:07 Great Hall
12:13 Watch Tower
12:52 Watch Tower
15:09 Watch Tower
15:10 Watch Tower
15:13 Watch Tower
15:15 Watch Tower
15:16 Watch Tower
17:16 War Mill
17:18 Watch Tower
19:56 Watch Tower
19:57 Watch Tower
19:58 Watch Tower
20:30 Great Hall
20:31 Watch Tower
20:31 Watch Tower
20:32 Watch Tower
21:03 Watch Tower
21:05 Watch Tower
21:55 Watch Tower
21:57 Watch Tower
21:58 Watch Tower
22:00 Watch Tower
22:01 Watch Tower
22:41 Watch Tower
23:18 Watch Tower
23:21 Watch Tower
23:58 Watch Tower
25:15 Watch Tower
26:00 Watch Tower
26:01 Watch Tower
27:37 Watch Tower
27:37 Watch Tower
27:41 Watch Tower
27:41 Watch Tower
27:43 Watch Tower
27:44 Watch Tower
33:12 Great Hall
33:15 Orc Burrow
33:54 Great Hall
33:57 Watch Tower
33:59 Watch Tower
36:01 Watch Tower
36:02 Watch Tower
36:19 Watch Tower
36:20 Watch Tower
36:21 Watch Tower
37:11 Watch Tower
37:14 Great Hall
37:17 Watch Tower
37:20 Watch Tower
37:56 Watch Tower
37:58 Watch Tower
38:03 Watch Tower
38:04 Watch Tower
38:05 Watch Tower
38:07 Watch Tower
38:08 Watch Tower
38:09 Watch Tower
38:10 Watch Tower
38:27 Watch Tower
38:28 Watch Tower
38:29 Watch Tower
38:30 Watch Tower
38:32 Watch Tower
38:33 Watch Tower
38:46 Stronghold
40:44 Watch Tower
40:45 Watch Tower
40:47 Watch Tower
41:22 Watch Tower
41:23 Watch Tower
41:25 Watch Tower
41:33 Watch Tower
42:40 Watch Tower
42:41 Watch Tower
42:43 Watch Tower
43:12 Watch Tower
43:13 Watch Tower
43:16 Watch Tower
43:17 Watch Tower
43:49 Watch Tower
43:50 Watch Tower
43:53 Watch Tower
45:04 Watch Tower
45:06 Watch Tower
45:07 Watch Tower
45:09 Watch Tower
45:10 Watch Tower
45:11 Watch Tower
45:57 Watch Tower
45:58 Watch Tower
47:06 Watch Tower
47:09 Watch Tower
47:19 Watch Tower
47:21 Watch Tower
48:30 Watch Tower
48:32 Watch Tower
48:34 Watch Tower
48:39 Watch Tower
49:18 Watch Tower
50:41 Watch Tower
50:42 Watch Tower
51:08 Watch Tower
51:12 Watch Tower
51:16 Watch Tower
51:17 Watch Tower
51:19 Watch Tower
51:20 Watch Tower
51:21 Watch Tower
51:22 Watch Tower
51:23 Watch Tower
52:48 Watch Tower
53:34 Great Hall
55:01 Watch Tower
55:02 Watch Tower
56:55 Watch Tower
56:56 Watch Tower
56:58 Watch Tower
57:00 Watch Tower
57:02 Watch Tower
57:03 Watch Tower
57:06 Watch Tower
57:08 Watch Tower
57:59 Watch Tower
58:04 Watch Tower
58:11 Watch Tower
58:13 Watch Tower
58:14 Watch Tower
60:08 Great Hall
60:10 Watch Tower
60:38 Watch Tower
60:40 Watch Tower
60:41 Watch Tower
60:43 Watch Tower
60:45 Watch Tower
60:47 Watch Tower
60:49 Watch Tower
60:51 Watch Tower
60:53 Watch Tower
60:54 Watch Tower
60:55 Watch Tower
60:57 Watch Tower
61:22 Watch Tower
61:24 Orc Burrow
63:14 Altar of Storms
63:32 Watch Tower
63:35 Watch Tower
63:37 Watch Tower
63:39 Watch Tower
63:46 Watch Tower
63:55 War Mill
63:58 Orc Burrow
63:59 Orc Burrow
64:02 Orc Burrow
64:37 Orc Burrow
65:13 Beastiary
65:17 Beastiary
68:13 Voodoo Lounge
68:18 Orc Burrow
68:19 Orc Burrow
69:30 Fortress
69:47 Watch Tower
69:48 Watch Tower
70:12 Orc Burrow
71:39 Watch Tower
71:41 Watch Tower
73:19 Watch Tower
73:23 Watch Tower
74:39 Watch Tower
74:44 Watch Tower
76:00 Beastiary
76:02 Watch Tower
76:04 Watch Tower
77:27 Watch Tower
77:28 Watch Tower
80:42 Watch Tower
80:46 Watch Tower
80:49 Watch Tower
80:50 Watch Tower
80:51 Watch Tower
81:58 Watch Tower
82:03 Watch Tower
82:04 Watch Tower
82:06 Watch Tower
82:07 Watch Tower
82:08 Watch Tower
82:10 Watch Tower
82:11 Watch Tower
82:11 Watch Tower
82:13 Watch Tower
82:14 Watch Tower
82:17 Watch Tower
82:18 Watch Tower
82:19 Watch Tower
82:20 Watch Tower
82:21 Watch Tower
82:22 Watch Tower
83:05 Watch Tower
85:07 Watch Tower
85:12 Watch Tower
85:23 Watch Tower
85:34 Watch Tower
89:49 Watch Tower
89:52 Watch Tower
93:24 Watch Tower
93:26 Watch Tower
» items
| Healing Salve | 4 | |
| Lesser Clarity Potion | 12 | |
| Potion of Healing | 4 | |
| Potion of Mana | 12 | |
| Boots of Speed | 2 | |
| Staff of Teleportation | 1 | |
| Orb of Lightning | 2 | |
| Scroll of Speed | 1 | |
38 total
team 2 (loser)
JAJ510 (
green | 49 APM | 4707 actions | 96:21)
6 Blademaster
2 Wind Walk
3 Critical Strike
1 Bladestorm
8 Tauren Chieftain
3 War Stomp
3 Endurance Aura
1 Reincarnation
1 Shockwave
» actions
| Assign group hotkey | 102 | |
| Basic commands | 1087 | |
| Build / train | 188 | |
| Enter build submenu | 94 | |
| Enter hero's abilities submenu | 14 | |
| Give item / drop item | 1 | |
| Remove unit from queue | 2 | |
| Right click | 730 | |
| Select / deselect | 1080 | |
| Select group hotkey | 1185 | |
| Use ability | 224 | |
4707 total
» units
| Peon | 46 | |
| Shaman | 8 | |
| Troll Witch Doctor | 9 | |
| Raider | 19 | |
| Tauren | 12 | |
| Troll Batrider | 28 | |
| Demolisher | 11 | |
| Troll Headhunter/Berserker | 6 | |
| Goblin Shredder | 1 | |
140 total
» upgrades
| Spiked Barricades | 3 | |
| Melee Weapons | 3 | |
| Armor | 4 | |
| Shaman Training | 2 | |
| Witch Doctor Training | 2 | |
| Ensnare | 1 | |
| Pulverize | 1 | |
| Reinforced Defenses | 1 | |
| Liquid Fire | 1 | |
| Ranged Weapons | 3 | |
| Pillage | 1 | |
| Burning Oil | 1 | |
| Berserker Upgrade | 1 | |
| Troll Regeneration | 1 | |
25 total
» buildings
| Orc Burrow | 13 | |
| Altar of Storms | 2 | |
| Voodoo Lounge | 1 | |
| War Mill | 3 | |
| Watch Tower | 47 | |
| Stronghold | 2 | |
| Fortress | 1 | |
| Spirit Lodge | 4 | |
| Beastiary | 4 | |
| Tauren Totem | 1 | |
| Great Hall | 5 | |
| Barracks | 3 | |
86 total
» build order
00:34 Orc Burrow
00:41 Altar of Storms
01:24 Orc Burrow
01:45 Voodoo Lounge
02:05 Orc Burrow
02:13 War Mill
03:34 Watch Tower
03:40 Watch Tower
03:54 Stronghold
04:37 Orc Burrow
06:17 Fortress
06:24 Spirit Lodge
06:30 Spirit Lodge
06:43 Beastiary
08:49 Tauren Totem
11:48 Orc Burrow
12:48 Orc Burrow
12:52 Orc Burrow
20:54 Orc Burrow
21:37 Great Hall
21:42 Watch Tower
25:29 Watch Tower
25:31 Watch Tower
25:32 Watch Tower
25:35 Watch Tower
26:01 Watch Tower
26:10 Watch Tower
28:11 Barracks
28:16 Barracks
29:25 Great Hall
31:28 Great Hall
32:05 Watch Tower
32:11 Watch Tower
33:47 Watch Tower
33:49 Watch Tower
33:57 Watch Tower
36:34 Watch Tower
36:37 Watch Tower
43:35 Great Hall
43:49 Watch Tower
43:51 Watch Tower
44:01 Watch Tower
44:09 Watch Tower
44:14 Watch Tower
45:02 Watch Tower
45:09 Watch Tower
45:21 Watch Tower
45:26 Watch Tower
46:14 Watch Tower
46:39 Watch Tower
46:43 Watch Tower
47:23 War Mill
48:39 Great Hall
48:47 Watch Tower
49:03 Watch Tower
49:07 Watch Tower
49:13 Watch Tower
49:17 Watch Tower
49:21 Watch Tower
49:33 War Mill
50:00 Watch Tower
50:11 Watch Tower
50:21 Watch Tower
50:34 Watch Tower
50:41 Watch Tower
50:48 Watch Tower
51:01 Watch Tower
51:14 Watch Tower
51:33 Watch Tower
53:31 Beastiary
69:47 Stronghold
71:33 Orc Burrow
71:35 Orc Burrow
71:37 Orc Burrow
75:27 Beastiary
75:33 Beastiary
75:39 Spirit Lodge
75:45 Spirit Lodge
75:50 Watch Tower
75:55 Watch Tower
76:00 Watch Tower
76:14 Altar of Storms
76:25 Watch Tower
76:37 Barracks
77:14 Orc Burrow
77:19 Orc Burrow
» items
Chat log
(68:54 / All) JAJ510: have fun building all those towers?
(68:57 / All) Torgo(Easy): yay
(69:01 / All) Torgo(Easy): im not ]playing against a comp
(75:14 / All) Torgo(Easy): you forgot some towers
(75:20 / All) JAJ510: i know
(80:53 / All) JAJ510: gg
(80:56 / All) Torgo(Easy): ff?
(81:03 / All) JAJ510: whats ff?
(81:06 / All) Torgo(Easy): forfeit?
(81:18 / All) JAJ510: nah its just that no one is going to win
(81:20 / All) JAJ510: ...
(81:24 / All) Torgo(Easy): oh i will
(81:34 / All) JAJ510: well lets see it
(81:39 / All) Torgo(Easy): okie dokie
(81:51 / All) Torgo(Easy): im just deciding if i want to win without going over 50 food
(83:09 / All) Torgo(Easy): hows your gold
(83:28 / All) JAJ510: great
(83:30 / All) Torgo(Easy): cool
(83:32 / All) Torgo(Easy): mine too
(83:34 / All) JAJ510: hows your life
(83:35 / All) JAJ510: ?
(83:40 / All) Torgo(Easy): a little sick this week
(83:41 / All) Torgo(Easy): :'(
(83:47 / All) JAJ510: sucks
(83:50 / All) Torgo(Easy): yeah
(84:46 / All) Torgo(Easy): have you revealed the corners btw
(90:49 / All) JAJ510: i have soooo much lumber
(90:52 / All) Torgo(Easy): same here
(90:56 / All) Torgo(Easy): plus 40k gold
(90:59 / All) JAJ510: 18000
(91:02 / All) JAJ510: damn
(91:04 / All) Torgo(Easy): why dont you rez your heroes
(91:12 / All) JAJ510: no cash
(91:16 / All) Torgo(Easy): no gold?
(91:18 / All) Torgo(Easy): ah
(91:22 / All) Torgo(Easy): upkeeps a bitch
(93:39 / All) JAJ510: hows your gold doing?>
(93:43 / All) Torgo(Easy): 35k
(93:49 / All) JAJ510: sure sure
(93:55 / All) Torgo(Easy): 35031
(94:04 / All) Torgo(Easy): im massing zeps now
(94:11 / All) JAJ510: well come finish tis themn
(94:16 / All) Torgo(Easy): patience
(94:26 / All) JAJ510: no really this has gone on to long
(94:30 / All) Torgo(Easy): such things are to be savored